General information
- name: BNet
- type: Ladder team game (AT/RT)
- host: Battle.net
- saver: lassassin
map: Battleground
- players: 8
- length: 27:14
- speed: Fast
- version: 1.27 W3XP
- replay type: Public
» download(208 KB)
Players
team 1 (loser)
cornel (
pink | 91 APM | 2434 actions | 26:51)
9 Archmage
3 Summon Water Elemental
2 Brilliance Aura
3 Blizzard
1 Mass Teleport
3 Blood Mage
2 Flame Strike
1 Siphon Mana
» actions
| Assign group hotkey | 38 | |
| Basic commands | 21 | |
| Build / train | 70 | |
| Enter build submenu | 24 | |
| Enter hero's abilities submenu | 12 | |
| Give item / drop item | 5 | |
| Right click | 1407 | |
| Select / deselect | 409 | |
| Select group hotkey | 352 | |
| Use ability | 94 | |
2434 total
» units
| Peasant | 11 | |
| Footman | 2 | |
| Rifleman | 18 | |
| Priest | 3 | |
| Sorceress | 2 | |
| Flying Machine | 4 | |
40 total
» upgrades
| Priest Training | 1 | |
| Backpack | 1 | |
2 total
» buildings
| Altar of Kings | 1 | |
| Farm | 8 | |
| Barracks | 1 | |
| Blacksmith | 1 | |
| Arcane Vault | 1 | |
| Keep | 7 | |
| Lumber Mill | 1 | |
| Arcane Sanctum | 4 | |
| Town Hall | 3 | |
| Workshop | 1 | |
| Castle | 1 | |
29 total
» build order
00:09 Altar of Kings
00:11 Farm
00:17 Barracks
00:50 Farm
01:43 Blacksmith
02:32 Farm
03:16 Arcane Vault
03:53 Keep
03:53 Keep
03:53 Keep
04:13 Lumber Mill
04:46 Farm
04:46 Farm
05:43 Farm
06:27 Arcane Sanctum
06:43 Arcane Sanctum
10:47 Town Hall
14:11 Keep
15:53 Farm
15:56 Farm
16:33 Arcane Sanctum
16:35 Arcane Sanctum
18:07 Workshop
18:09 Castle
19:03 Town Hall
24:45 Town Hall
» items
| Circlet of Nobility | 1 | |
| Tome of Retraining | 2 | |
3 total
Smyrna1921 (
purple | 58 APM | 1580 actions | 27:13)
5 Tauren Chieftain
2 War Stomp
3 Endurance Aura
4 Shadow Hunter
2 Healing Wave
2 Hex
1 Blood Mage
1 Summon Phoenix
» actions
| Build / train | 109 | |
| Enter build submenu | 14 | |
| Enter hero's abilities submenu | 10 | |
| Give item / drop item | 4 | |
| Remove unit from queue | 1 | |
| Right click | 851 | |
| Select / deselect | 454 | |
| Use ability | 137 | |
1580 total
» units
| Peon | 8 | |
| Grunt | 9 | |
| Raider | 1 | |
| Shaman | 7 | |
| Forest Troll Shadow Priest | 2 | |
| Forest Troll Berserker | 4 | |
| Wind Rider | 1 | |
| Tauren | 5 | |
| Troll Batrider | 13 | |
| Troll Headhunter/Berserker | 3 | |
53 total
» upgrades
| Armor | 1 | |
| Melee Weapons | 1 | |
| Berserker Strength | 1 | |
| Ensnare | 1 | |
| Shaman Training | 2 | |
| Envenomed Spears | 1 | |
| Reinforced Defenses | 1 | |
| Pulverize | 1 | |
| Berserker Upgrade | 1 | |
10 total
» buildings
| Altar of Storms | 1 | |
| Orc Burrow | 6 | |
| Barracks | 1 | |
| Voodoo Lounge | 1 | |
| War Mill | 1 | |
| Stronghold | 1 | |
| Spirit Lodge | 1 | |
| Beastiary | 1 | |
| Fortress | 2 | |
| Tauren Totem | 2 | |
17 total
» build order
00:08 Altar of Storms
00:18 Orc Burrow
00:54 Barracks
01:34 Orc Burrow
01:52 Voodoo Lounge
02:19 War Mill
04:31 Stronghold
04:34 Orc Burrow
05:34 Orc Burrow
07:19 Spirit Lodge
07:22 Beastiary
07:24 Fortress
08:41 Orc Burrow
11:43 Tauren Totem
11:46 Tauren Totem
25:19 Orc Burrow
» items
| Healing Salve | 4 | |
| Lesser Clarity Potion | 5 | |
| Scroll of Speed | 3 | |
| Orb of Lightning | 1 | |
| Tiny Great Hall | 1 | |
14 total
Mytypes (
yellow | 97 APM | 2594 actions | 26:44)
7 Priestess of the Moon
3 Trueshot Aura
3 Scout
1 Starfall
5 Keeper of the Grove
3 Entangling Roots
2 Thorns Aura
1 Blood Mage
1 Summon Phoenix
» actions
| Assign group hotkey | 67 | |
| Basic commands | 179 | |
| Build / train | 104 | |
| ESC pressed | 2 | |
| Enter build submenu | 24 | |
| Enter hero's abilities submenu | 13 | |
| Give item / drop item | 4 | |
| Right click | 702 | |
| Select / deselect | 740 | |
| Select group hotkey | 667 | |
| Use ability | 92 | |
2594 total
» units
» upgrades
| Strength of the Moon | 3 | |
| Moon Armor | 2 | |
| Improved Bows | 1 | |
| Marksmanship | 1 | |
7 total
» buildings
| Altar of Elders | 1 | |
| Moon Well | 6 | |
| Ancient of War | 6 | |
| Hunter's Hall | 1 | |
| Tree of Ages | 1 | |
| Ancient Protector | 3 | |
| Ancient of Wonders | 1 | |
| Tree of Eternity | 3 | |
| Tree of Life | 2 | |
24 total
» build order
00:02 Altar of Elders
00:15 Moon Well
01:02 Ancient of War
01:06 Ancient of War
01:25 Moon Well
01:43 Moon Well
02:33 Hunter's Hall
03:53 Tree of Ages
04:34 Ancient Protector
04:50 Ancient Protector
05:24 Ancient of War
05:57 Ancient of Wonders
06:51 Moon Well
07:07 Ancient Protector
07:23 Moon Well
07:51 Tree of Eternity
07:52 Tree of Eternity
09:08 Tree of Life
14:48 Tree of Life
14:51 Ancient of War
14:52 Ancient of War
15:18 Ancient of War
15:54 Moon Well
» items
| Scroll of Healing | 1 | |
| Scroll of Protection | 1 | |
| Scroll of Town Portal | 3 | |
| Orb of Venom | 1 | |
| Staff of Preservation | 1 | |
| Potion of Healing | 3 | |
| Anti-magic Potion | 1 | |
| Moonstone | 1 | |
| Scroll of Regeneration | 1 | |
13 total

»
Zwolp (
red | 47 APM | 976 actions | 20:45)
5 Blood Mage
3 Flame Strike
2 Siphon Mana
1 Archmage
1 Brilliance Aura
» actions
| Assign group hotkey | 118 | |
| Build / train | 69 | |
| Enter build submenu | 27 | |
| Enter hero's abilities submenu | 7 | |
| Right click | 388 | |
| Select / deselect | 200 | |
| Select group hotkey | 122 | |
| Use ability | 45 | |
976 total
» units
| Peasant | 16 | |
| Footman | 3 | |
| Rifleman | 4 | |
| Mortar Team | 5 | |
| Gryphon Rider | 2 | |
| Siege Engine | 1 | |
| Dragonhawk Rider | 3 | |
34 total
» upgrades
| Masonry | 3 | |
| Gunpowder | 2 | |
| Armor | 1 | |
| Long Rifles | 1 | |
| Plating | 2 | |
| Lumber Harvesting | 2 | |
| Fragmentation Shards | 1 | |
| Barrage | 1 | |
| Storm Hammers | 1 | |
| Swords | 1 | |
15 total
» buildings
| Farm | 11 | |
| Altar of Kings | 1 | |
| Barracks | 1 | |
| Lumber Mill | 1 | |
| Blacksmith | 1 | |
| Keep | 2 | |
| Scout Tower | 5 | |
| Guard Tower | 5 | |
| Castle | 1 | |
| Workshop | 2 | |
| Town Hall | 2 | |
| Gryphon Aviary | 3 | |
| Arcane Vault | 1 | |
36 total
» build order
00:23 Farm
00:39 Altar of Kings
00:51 Farm
00:55 Barracks
01:39 Farm
02:13 Lumber Mill
02:36 Blacksmith
03:23 Farm
03:57 Farm
04:50 Keep
05:04 Scout Tower
06:04 Guard Tower
06:08 Farm
06:30 Farm
06:36 Scout Tower
06:53 Farm
07:26 Castle
07:32 Workshop
07:38 Guard Tower
07:42 Farm
07:46 Farm
07:47 Farm
08:02 Scout Tower
08:27 Guard Tower
08:31 Scout Tower
08:43 Workshop
09:01 Guard Tower
09:04 Scout Tower
09:31 Guard Tower
10:17 Town Hall
11:54 Gryphon Aviary
12:00 Gryphon Aviary
12:06 Gryphon Aviary
12:51 Arcane Vault
16:25 Town Hall
19:42 Keep
» items
| Scroll of Town Portal | 2 | |
| Scroll of Regeneration | 2 | |
4 total
team 2 (winner)
Behemoth. (
green | 55 APM | 1494 actions | 27:14)
5 Death Knight
2 Unholy Aura
2 Death Coil
1 Death Pact
5 Lich
3 Frost Nova
2 Frost Armor
4 Dark Ranger
2 Black Arrow
2 Silence
» actions
| Assign group hotkey | 44 | |
| Build / train | 57 | |
| Enter build submenu | 14 | |
| Enter hero's abilities submenu | 14 | |
| Give item / drop item | 4 | |
| Remove unit from queue | 1 | |
| Right click | 628 | |
| Select / deselect | 313 | |
| Select group hotkey | 325 | |
| Use ability | 92 | |
1494 total
» units
| Acolyte | 2 | |
| Ghoul | 3 | |
| Crypt Fiend | 4 | |
| Frost Wyrm | 8 | |
17 total
» upgrades
» buildings
| Crypt | 1 | |
| Graveyard | 1 | |
| Altar of Darkness | 1 | |
| Ziggurat | 6 | |
| Tomb of Relics | 1 | |
| Nerubian Tower | 1 | |
| Halls of the Dead | 1 | |
| Black Citadel | 1 | |
| Sacrificial Pit | 1 | |
| Boneyard | 2 | |
| Spirit Tower | 1 | |
17 total
» build order
00:07 Crypt
00:19 Graveyard
00:44 Altar of Darkness
00:50 Ziggurat
01:26 Tomb of Relics
01:38 Ziggurat
02:01 Nerubian Tower
03:30 Halls of the Dead
04:47 Ziggurat
07:14 Black Citadel
07:21 Sacrificial Pit
07:39 Ziggurat
07:45 Ziggurat
09:35 Boneyard
09:37 Boneyard
21:32 Ziggurat
21:44 Spirit Tower
» items
| Rod of Necromancy | 2 | |
| Dust of Appearance | 2 | |
| Boots of Speed | 1 | |
| Periapt of Vitality | 1 | |
| Scroll of Town Portal | 3 | |
| Orb of Corruption | 2 | |
| Potion of Mana | 2 | |
| Scroll of Regeneration | 1 | |
| Lesser Clarity Potion | 2 | |
| Potion of Healing | 1 | |
17 total
sTonedMoFo (
blue | 51 APM | 1398 actions | 27:13)
6 Mountain King
3 Storm Bolt
2 Bash
1 Avatar
3 Paladin
1 Holy Light
2 Devotion Aura
» actions
| Assign group hotkey | 43 | |
| Build / train | 77 | |
| Enter build submenu | 19 | |
| Enter hero's abilities submenu | 9 | |
| Give item / drop item | 2 | |
| Remove unit from queue | 6 | |
| Right click | 540 | |
| Select / deselect | 245 | |
| Select group hotkey | 390 | |
| Use ability | 67 | |
1398 total
» units
| Peasant | 9 | |
| Footman | 7 | |
| Rifleman | 9 | |
| Gryphon Rider | 12 | |
37 total
» upgrades
| Swords | 1 | |
| Plating | 1 | |
| Long Rifles | 1 | |
| Defend | 1 | |
| Armor | 2 | |
6 total
» buildings
| Altar of Kings | 1 | |
| Barracks | 1 | |
| Farm | 10 | |
| Arcane Vault | 1 | |
| Blacksmith | 1 | |
| Lumber Mill | 1 | |
| Keep | 1 | |
| Gryphon Aviary | 2 | |
| Castle | 1 | |
| Town Hall | 1 | |
20 total
» build order
00:14 Altar of Kings
00:25 Barracks
00:39 Farm
00:45 Farm
00:54 Farm
00:55 Farm
02:33 Arcane Vault
02:49 Blacksmith
04:13 Lumber Mill
04:50 Keep
06:31 Farm
06:33 Farm
06:35 Farm
08:13 Gryphon Aviary
08:16 Gryphon Aviary
08:48 Castle
12:20 Farm
12:24 Farm
12:26 Farm
19:13 Town Hall
» items
| Lesser Clarity Potion | 4 | |
| Scroll of Regeneration | 2 | |
| Potion of Healing | 6 | |
| Scroll of Town Portal | 2 | |
| Orb of Fire | 1 | |
15 total

»
BadTaste (
teal | 75 APM | 2043 actions | 27:14)
6 Mountain King
3 Storm Bolt
3 Bash
4 Paladin
2 Divine Shield
2 Holy Light
» actions
| Assign group hotkey | 28 | |
| Basic commands | 38 | |
| Build / train | 94 | |
| Enter build submenu | 18 | |
| Enter hero's abilities submenu | 10 | |
| Give item / drop item | 2 | |
| Right click | 637 | |
| Select / deselect | 222 | |
| Select group hotkey | 889 | |
| Use ability | 104 | |
2043 total
» units
» upgrades
| Masonry | 2 | |
| Gunpowder | 2 | |
| Armor | 2 | |
| Long Rifles | 1 | |
| Lumber Harvesting | 2 | |
9 total
» buildings
| Farm | 7 | |
| Lumber Mill | 2 | |
| Blacksmith | 1 | |
| Barracks | 1 | |
| Scout Tower | 4 | |
| Altar of Kings | 1 | |
| Arcane Tower | 5 | |
| Arcane Vault | 1 | |
| Guard Tower | 3 | |
| Keep | 1 | |
| Castle | 1 | |
| Workshop | 2 | |
29 total
» build order
00:21 Farm
00:35 Farm
01:18 Lumber Mill
01:25 Farm
01:32 Blacksmith
01:50 Barracks
02:02 Scout Tower
02:23 Altar of Kings
02:37 Arcane Tower
02:37 Arcane Tower
02:37 Arcane Tower
02:37 Arcane Tower
02:57 Arcane Vault
03:06 Scout Tower
03:21 Scout Tower
03:22 Scout Tower
03:44 Guard Tower
03:56 Farm
04:19 Guard Tower
04:42 Guard Tower
05:42 Farm
06:51 Keep
07:17 Lumber Mill
07:40 Farm
11:50 Farm
12:19 Castle
13:08 Workshop
13:08 Workshop
» items
| Lesser Clarity Potion | 6 | |
| Scroll of Regeneration | 7 | |
| Potion of Healing | 3 | |
| Potion of Mana | 4 | |
| Scroll of Town Portal | 2 | |
| Boots of Speed | 1 | |
23 total
lassassin (
orange | 40 APM | 1089 actions | 27:14)
5 Blood Mage
2 Flame Strike
3 Banish
» actions
| Assign group hotkey | 25 | |
| Basic commands | 5 | |
| Build / train | 67 | |
| Enter build submenu | 17 | |
| Enter hero's abilities submenu | 4 | |
| Right click | 530 | |
| Select / deselect | 246 | |
| Select group hotkey | 97 | |
| Use ability | 98 | |
1089 total
» units
| Peasant | 18 | |
| Mortar Team | 22 | |
| Forest Troll Shadow Priest | 1 | |
41 total
» upgrades
| Gunpowder | 3 | |
| Armor | 1 | |
| Flare | 1 | |
| Fragmentation Shards | 1 | |
6 total
» buildings
| Lumber Mill | 2 | |
| Farm | 9 | |
| Altar of Kings | 1 | |
| Blacksmith | 1 | |
| Keep | 2 | |
| Castle | 1 | |
| Workshop | 4 | |
20 total
» build order
00:42 Lumber Mill
01:00 Farm
01:01 Altar of Kings
01:05 Lumber Mill
01:20 Blacksmith
01:41 Farm
02:20 Farm
03:00 Farm
03:40 Farm
03:47 Keep
04:04 Farm
04:05 Farm
04:06 Farm
06:08 Castle
06:13 Workshop
06:15 Workshop
06:18 Workshop
06:21 Workshop
07:24 Farm
» items
| Scroll of Town Portal | 4 | |
| Potion of Healing | 2 | |
| Scroll of Regeneration | 1 | |
| Scroll of Healing | 1 | |
8 total
Chat log
(00:10 / Allies) Behemoth.: 100p ls
(00:12 / Allies) Behemoth.: hiiiiiiiiiiii
(00:22 / Allies) Behemoth.: ty bro
(00:26 / Allies) BadTaste: np
(00:26 / Allies) Behemoth.: i have 9 loses serie
(00:28 / Allies) Behemoth.: in 4v4 rt
(00:28 / Allies) lassassin: i won the last five games
(00:30 / Allies) Behemoth.: i love it
(00:31 / Allies) Behemoth.: <3
(00:34 / Allies) lassassin: so im due for a loss
(00:34 / Allies) Behemoth.: haha
(00:50 / Allies) BadTaste: sometimes its just impossible to get a win
(00:54 / Allies) BadTaste: kno the feeling
(00:55 / Allies) Behemoth.: ya
(01:00 / Allies) Behemoth.: i played very good
(01:02 / Allies) Behemoth.: i st score
(01:03 / Allies) Behemoth.: but..
(01:04 / Allies) Behemoth.: xD
(01:07 / Allies) Behemoth.: magic of allies
(01:08 / Allies) BadTaste: yepp
(01:09 / Allies) Behemoth.: in 4v4
(01:10 / Allies) Behemoth.: XD
(01:15 / Allies) Behemoth.: but i like
(01:18 / Allies) Behemoth.: coz is funny
(01:19 / Allies) Behemoth.: :)
(01:30 / Allies) lassassin: end of game stat scores dont tell the whole story
(01:37 / Allies) lassassin: you will see what i mean after this game
(01:42 / Allies) Behemoth.: yes nad no :)
(01:47 / Allies) Behemoth.: and
(02:08 / Allies) lassassin: with answers like that you hsoud be a lawyer
(02:22 / Allies) Behemoth.: alwyer?
(02:28 / Allies) lassassin: lawyer
(02:31 / Allies) Behemoth.: im not noob
(03:07 / Allies) lassassin: thats what all the noobs say :p
(03:15 / Allies) Behemoth.: XD
(03:31 / Allies) lassassin: once i get my four shops up ill need gold for a dozen fast morts
(04:36 / All) lassassin: only noobs scout
(04:42 / All) lassassin: we play by instinct
(04:55 / Allies) Behemoth.: or mh
(04:56 / Allies) Behemoth.: xd
(05:15 / Allies) lassassin: flare is basically the legal maphack
(05:24 / Allies) lassassin: most underrated thing ever
(06:34 / Allies) lassassin: shops up soon
(06:41 / Allies) lassassin: once i get 7 or so morts lets hit
(06:50 / Allies) lassassin: everyone get ready to attack in 2-3 min
(06:55 / Allies) Behemoth.: soon
(07:08 / Allies) lassassin: yes
(07:32 / Allies) lassassin: gold pls
(07:51 / Allies) BadTaste: b
(07:51 / Allies) BadTaste: b
(07:51 / Allies) BadTaste: b
(07:52 / Allies) lassassin: need gold asaps
(08:10 / Allies) Behemoth.: b
(08:24 / Allies) BadTaste: 4
(08:28 / Allies) Behemoth.: y
(08:45 / Allies) lassassin: come blu
(09:10 / Allies) BadTaste: care orange???
(09:16 / Allies) lassassin: i got flare
(09:21 / Allies) lassassin: dw
(09:27 / Allies) sTonedMoFo: all
(09:35 / Allies) BadTaste: greenn????
(09:48 / Allies) lassassin: pink down
(11:24 / Allies) BadTaste: you are tk orange
(11:26 / Allies) BadTaste: tnx
(11:54 / Allies) lassassin: pink base down lol
(12:01 / Allies) Behemoth.: gold pls
(12:05 / Allies) lassassin: come all
(12:22 / Allies) lassassin: nigga i need 100 gold
(12:42 / Allies) lassassin: coem
(12:53 / Allies) BadTaste: w8 for me
(14:02 / Allies) lassassin: attacking red
(14:33 / Allies) lassassin: well thats unfortunate
(14:35 / Allies) BadTaste: b??
(14:46 / Allies) BadTaste: blue ffs
(14:52 / Allies) sTonedMoFo: b
(14:54 / Allies) sTonedMoFo: b
(15:21 / Allies) Behemoth.: check expos
(15:22 / Allies) sTonedMoFo: b
(15:39 / Allies) sTonedMoFo: back
(15:59 / Allies) lassassin: come green
(16:03 / Allies) lassassin: lets hit niggas
(16:34 / Allies) Behemoth.: ok nigg
(16:36 / Allies) Behemoth.: nigga
(16:57 / Allies) lassassin: charge
(17:00 / Allies) lassassin: morts in back
(17:03 / Allies) lassassin: go niggas
(17:06 / Allies) lassassin: u fuckin pussies
(17:10 / Allies) Behemoth.: k nigga
(18:13 / Allies) lassassin: wood ps
(18:33 / Allies) Behemoth.: gold?
(18:35 / Allies) Behemoth.: niggas
(18:36 / Allies) Behemoth.: xd
(18:40 / Allies) Behemoth.: ty
(19:01 / Allies) BadTaste: k
(19:19 / Allies) lassassin: this archer masing faggot
(19:31 / Allies) lassassin: almost as annoying as morts
(20:04 / Allies) BadTaste: b
(20:20 / Allies) lassassin: they came from behind!!
(20:24 / Allies) lassassin: lol 3 morts
(20:31 / Allies) lassassin: sneak attack
(20:41 / All) lassassin: hey yellow
(20:41 / All) lassassin: rage quit
(20:41 / All) lassassin: hardcore
(21:09 / Allies) lassassin: well u guys got this
(21:11 / Allies) lassassin: im goiong afk
(21:21 / Allies) BadTaste: not jet
(21:29 / All) sTonedMoFo: lol
(21:38 / Allies) Behemoth.: all tp to me
(21:41 / Allies) Behemoth.: now
(21:47 / Allies) lassassin: nigga just charge tht fuck
(21:49 / Allies) lassassin: dont bbe pussy
(22:04 / Allies) Behemoth.: blu
(22:13 / Allies) lassassin: if u guys lose now
(22:16 / Allies) lassassin: u dontt deserve to win
(22:29 / Allies) lassassin: geezus
(22:53 / Allies) Behemoth.: blu u noob...
(23:00 / Allies) lassassin: lol
(23:03 / Allies) lassassin: u guys suck
(23:21 / Allies) lassassin: its ok ill save yall
(23:30 / Allies) BadTaste: gg
(23:31 / Allies) BadTaste: lost
(23:33 / Allies) sTonedMoFo: b
(23:37 / Allies) lassassin: just rebuild
(23:39 / Allies) lassassin: we lose 1 base
(23:42 / Allies) lassassin: they lost like 4
(23:47 / Allies) BadTaste: nice game
(23:52 / Allies) lassassin: if u puss out
(23:55 / Allies) lassassin: i swear to god
(23:56 / Allies) lassassin: ill find u
(23:57 / Allies) Behemoth.: SHARE
(23:58 / Allies) Behemoth.: BLU
(24:01 / Allies) Behemoth.: FAST
(24:05 / Allies) BadTaste: share blue
(24:19 / Allies) BadTaste: share pls
(24:27 / Allies) BadTaste: green share units
(24:32 / Allies) BadTaste: tnx
(25:32 / Allies) lassassin: saveing u guys
(25:39 / Allies) Behemoth.: ..
(26:29 / Allies) lassassin: literally took out 3 halls
(26:31 / Allies) lassassin: right now
(26:51 / Allies) lassassin: i carried u guys
(26:52 / Allies) lassassin: just know that
(26:54 / Allies) BadTaste: lol
(26:57 / Allies) Behemoth.: lol